[Event "Monday 23 April Rapid Engine Tour 12+1 Rounds 9 Starts 1600ST"]
[Site "Infinity Chess"]
[Date "2018.4.23"]
[Round "4"]
[White "MedusaV3"]
[Black "OlivierEvan"]
[Result "1/2-1/2"]
[ECO "D00"]
[WhiteElo "2411"]
[BlackElo "2396"]
[WhiteEngine "Eman 1.70-beta23 64-bit BMI2_CTG"]
[BlackEngine "Houdini 6"]
[EventType "Swiss"]
[WhiteTeam ""]
[BlackTeam ""]
[PlyCount "139"]
[TimeControl "720+1"]

1. d4 d5 2. e3 Nf6 3. c4 e6 4. Nf3 c6 5. Nbd2 c5 6. cxd5 exd5 7. b3 Nc6 
8. Bb2 a6 9. Bd3 cxd4 10. Nxd4 Ne5 11. Qc2 Bd7 12. O-O Rc8 13. Qb1 Bb4 
14. N2f3 Nxd3 15. Qxd3 O-O 16. Rfc1 Qe7 17. Ne2 Bb5 18. Qd1 Bxe2 19. Qxe2 Ne4 
20. Rc2 Rxc2 21. Qxc2 Bd6 22. Rc1 Rd8 23. Qd1 Bc7 24. Bc3 g6 25. Bb2 f6 
26. Rc2 Bb8 27. Bc3 Rd7 28. Ba5 Kg7 29. h3 Ba7 30. a4 Bc5 31. Be1 Qd6 
32. Ba5 Qe7 33. Be1 Qd6 34. Rc1 Qe7 35. Qd3 Bd6 36. Kf1 Ba3 37. Rc8 Bc5 
38. Nd4 Bb6 39. Ne2 Qe5 40. a5 Bc7 41. Nd4 Nd6 42. Ra8 Ne4 43. Qe2 Qe7 
44. Qg4 h5 45. Nf5+ Kh7 46. Qd1 Qe5 47. Nd4 Qh2 48. Ne6 Qh1+ 49. Ke2 Re7 
50. Qc2 Qh2 51. Nf4 Bxf4 52. Qc8 Kh6 53. Qf8+ Rg7 54. exf4 Qxg2 55. Qh8+ Rh7 
56. Qf8+ Rg7 57. b4 Ng3+ 58. Kd2 d4 59. b5 Nf5 60. bxa6 Qd5 61. axb7 Qxb7 
62. Kc1 h4 63. Rc8 Qh1 64. Kd2 Qe4 65. Kd1 Qb1+ 66. Kd2 Qa2+ 67. Kd3 Qb1+ 
68. Kd2 Qa2+ 69. Kd3 Qb1+ 70. Kd2 1/2-1/2

[Event "Monday 23 April Rapid Engine Tour 12+1 Rounds 9 Starts 1600ST"]
[Site "Infinity Chess"]
[Date "2018.4.23"]
[Round "4"]
[White "angriff"]
[Black "ocirema"]
[Result "0-1"]
[ECO "B90"]
[WhiteElo "2401"]
[BlackElo "2424"]
[WhiteEngine "DracoREX 3.07 64BIT POPCNT_CTG"]
[BlackEngine "Eman 1.70-beta21 64-bit POPCNT_CTG"]
[EventType "Swiss"]
[WhiteTeam ""]
[BlackTeam ""]
[PlyCount "246"]
[TimeControl "720+1"]

1. e4 c5 2. Nf3 d6 3. d4 cxd4 4. Nxd4 Nf6 5. Nc3 a6 6. Be3 e5 7. Nb3 Be6 
8. f3 Be7 9. Qd2 Nbd7 10. g4 O-O 11. O-O-O b5 12. g5 Nh5 13. Nd5 Bxd5 
14. exd5 f5 15. gxf6 Bxf6 16. Na5 Qe8 17. Bh3 Nf4 18. Bxf4 exf4 19. Rhe1 Ne5 
20. Re4 Kh8 21. Qe2 Qe7 22. Kb1 Qc7 23. Nb3 g5 24. Nd4 Qc4 25. Qe1 Qxd5 
26. Ne6 Qc6 27. Nxf8 Rxf8 28. Qe2 Re8 29. Qd2 Rf8 30. Qe2 Re8 31. Qf2 Nc4 
32. Rxe8+ Qxe8 33. Re1 Ne3 34. Qd2 Qe5 35. Qc3 Qxc3 36. bxc3 h5 37. Rg1 Nc4 
38. Kc1 Ne5 39. Bg2 g4 40. Bh1 Kh7 41. fxg4 hxg4 42. Bb7 a5 43. h3 g3 
44. Kd2 Nc4+ 45. Kd3 Na3 46. Rh1 Kg6 47. h4 Be5 48. Bf3 a4 49. Bd5 Kh6 
50. Bf3 Kg6 51. Rg1 Kh6 52. Rc1 Kg7 53. Bd5 Kh7 54. Bf3 Kg7 55. Rd1 Kf6 
56. Be2 Kf5 57. Bf3 Kg6 58. Rh1 Kg7 59. Bc6 Kh6 60. Bd5 Kh5 61. Bg2 Kg6 
62. Bf3 Kh6 63. Re1 Kh7 64. Re4 Nc4 65. Re1 a3 66. Ke2 Nb6 67. Be4+ Kh6 
68. Kf3 Kh5 69. Rh1 Na4 70. c4 Nc3 71. Bd3 Nxa2 72. cxb5 Nb4 73. b6 a2 
74. b7 Nc6 75. c3 Bxc3 76. Be4 g2 77. Kxg2 Nb8 78. Kf3 a1=Q 79. Rxa1 Bxa1 
80. Kxf4 Kxh4 81. Bd5 Be5+ 82. Kf5 Kg3 83. Bh1 Kf2 84. Ke4 Ke2 85. Kd5 Kd3 
86. Bg2 Kc3 87. Ke6 Kd4 88. Ke7 d5 89. Bf3 Bh2 90. Ke6 Na6 91. Kd7 Kc5 
92. Ke6 d4 93. Be4 Nb4 94. Kd7 Kb6 95. Kc8 Ka7 96. Kd7 d3 97. Bg2 d2 98. Bf3 Nc2 
99. Kc8 Ne3 100. Be2 d1=Q 101. b8=Q+ Bxb8 102. Bxd1 Nxd1 103. Kd8 Kb6 
104. Kd7 Bg3 105. Ke6 Kc6 106. Ke7 Ne3 107. Ke6 Bd6 108. Kf6 Kd7 109. Kg5 Bg3 
110. Kh5 Ke7 111. Kg5 Ke6 112. Kh6 Bh4 113. Kh5 Be7 114. Kh6 Ng2 115. Kh5 Kf5 
116. Kh6 Nf4 117. Kh7 Kf6 118. Kg8 Nd5 119. Kh7 Bf8 120. Kg8 Ke7 121. Kh8 Kf7 
122. Kh7 Nf6+ 123. Kh8 Bg7# 0-1

[Event "Monday 23 April Rapid Engine Tour 12+1 Rounds 9 Starts 1600ST"]
[Site "Infinity Chess"]
[Date "2018.4.23"]
[Round "4"]
[White "Vimtiroba"]
[Black "Mr Aj"]
[Result "1/2-1/2"]
[ECO "C55"]
[WhiteElo "2434"]
[BlackElo "2448"]
[WhiteEngine "AsmFish A10_CTG"]
[BlackEngine "Houdini 6_CTG"]
[EventType "Swiss"]
[WhiteTeam ""]
[BlackTeam ""]
[PlyCount "132"]
[TimeControl "720+1"]

1. e4 e5 2. Nf3 Nc6 3. Bc4 Nf6 4. d3 Bc5 5. O-O d6 6. c3 O-O 7. Nbd2 a5 8. h3 h6 
9. Re1 Bb6 10. Bb5 Ne7 11. d4 c6 12. Bd3 Ng6 13. Nf1 a4 14. Bc2 c5 15. dxe5 dxe5 
16. Bxa4 Qc7 17. Bb5 c4 18. Qc2 Be6 19. Be3 Ra5 20. Bxb6 Qxb6 21. a4 Ne8 
22. Ne3 Nd6 23. Nd2 Qc7 24. b4 Ra7 25. Rad1 Nf4 26. Nd5 Bxd5 27. exd5 f5 
28. Bxc4 Nxc4 29. Nxc4 Qxc4 30. Rxe5 Qc7 31. d6 Qc6 32. f3 Qxa4 33. Qxa4 Rxa4 
34. d7 Raa8 35. c4 Rfd8 36. Rxf5 Ng6 37. Rfd5 Kf7 38. c5 Ra2 39. R1d4 Ne7 
40. Rd6 Nc6 41. Rf4+ Ke7 42. b5 Na7 43. Re4+ Kf7 44. Rf4+ Ke7 45. b6 Nc6 
46. Re4+ Kf7 47. h4 Rc2 48. Rf4+ Kg8 49. Re4 Kf7 50. Rf4+ Kg8 51. Re4 Rc1+ 
52. Kf2 Kf8 53. Rf4+ Ke7 54. Re4+ Kf7 55. Rf4+ Kg8 56. Re4 Rc2+ 57. Ke3 Kf8 
58. Rf4+ Ke7 59. Re4+ Kf7 60. Rf4+ Kg8 61. Re4 Rc3+ 62. Kf2 Kf7 63. Rf4+ Ke7 
64. Re4+ Kf7 65. Rf4+ Ke7 66. Re4+ Kf7 1/2-1/2

[Event "Monday 23 April Rapid Engine Tour 12+1 Rounds 9 Starts 1600ST"]
[Site "Infinity Chess"]
[Date "2018.4.23"]
[Round "4"]
[White "KhalidOmar"]
[Black "hafaba"]
[Result "1/2-1/2"]
[ECO "D10"]
[WhiteElo "2446"]
[BlackElo "2440"]
[WhiteEngine "Eman 1.70-beta24 64-bit BMI2"]
[BlackEngine "Eman 1.70-beta21 64-bit POPCNT_CTG"]
[EventType "Swiss"]
[WhiteTeam ""]
[BlackTeam ""]
[PlyCount "176"]
[TimeControl "720+1"]

1. d4 d5 2. c4 c6 3. cxd5 cxd5 4. Bf4 Nc6 5. e3 Nf6 6. Nc3 a6 7. Nf3 Bg4 
8. h3 Bxf3 9. Qxf3 e6 10. Bd3 Nb4 11. Bb1 Bd6 12. Bg5 h6 13. Bh4 Nc6 14. O-O Be7 
15. Bd3 Nb4 16. Be2 O-O 17. a3 Nc6 18. Bd3 Rc8 19. Rfc1 Na5 20. Qd1 Nd7 
21. Bg3 Nc4 22. Rc2 Nf6 23. Rac1 Bd6 24. Bxd6 Nxd6 25. Na4 Rxc2 26. Qxc2 h5 
27. Qc7 h4 28. f3 Re8 29. Nb6 Kf8 30. Kf2 Qxc7 31. Rxc7 Rd8 32. g4 hxg3+ 
33. Kxg3 Nfe8 34. Rc3 Nf6 35. Rb3 Nd7 36. Nxd7+ Rxd7 37. a4 f5 38. Rc3 Ke7 
39. h4 Kf6 40. Rc2 g6 41. a5 Re7 42. b4 Rh7 43. Rc5 g5 44. hxg5+ Kxg5 
45. Rc2 Kg6 46. Kf2 Kg5 47. Kg1 Kf6 48. Kg2 Kg6 49. Rc5 Kg5 50. Rc2 Kf6 
51. Rc3 Kg5 52. Rc1 Kf6 53. Rc5 Rf7 54. Rc1 Rh7 55. Kg3 Kg6 56. Kf4 Kf6 
57. Rc5 Rh4+ 58. Kg3 Rh7 59. Rc1 Kg5 60. f4+ Kg6 61. Kg2 Kf6 62. Kg3 Rg7+ 
63. Kf3 Ne4 64. Bxe4 dxe4+ 65. Kf2 Rh7 66. Kg3 Re7 67. Rc2 Rh7 68. Rc8 Rg7+ 
69. Kf2 Rh7 70. Rb8 Kg6 71. Kg3 Rc7 72. Kf2 Rc2+ 73. Ke1 Kh5 74. Rxb7 Kg4 
75. Rb6 Kf3 76. Kd1 Ra2 77. Rxa6 Kxe3 78. Rxe6 Kd3 79. Kc1 Kxd4 80. Kb1 Ra4 
81. Re5 Rxb4+ 82. Kc2 Rc4+ 83. Kb3 Rc6 84. Rxf5 e3 85. Re5 Kd3 86. f5 e2 
87. f6 Rxf6 88. Re8 Rc6 1/2-1/2

[Event "Monday 23 April Rapid Engine Tour 12+1 Rounds 9 Starts 1600ST"]
[Site "Infinity Chess"]
[Date "2018.4.23"]
[Round "4"]
[White "SkyPilot"]
[Black "Time_bandit"]
[Result "1/2-1/2"]
[ECO "C55"]
[WhiteElo "2460"]
[BlackElo "2469"]
[WhiteEngine "stockfish_x64_bmi2_2018_04_07_CTG"]
[BlackEngine "asmFishW_2018-04-11_bmi2"]
[EventType "Swiss"]
[WhiteTeam ""]
[BlackTeam ""]
[PlyCount "127"]
[TimeControl "720+1"]

1. e4 e5 2. Nf3 Nc6 3. Bc4 Nf6 4. d3 Bc5 5. c3 d6 6. O-O a5 7. Re1 O-O 8. h3 h6 
9. Nbd2 Be6 10. a4 Bb6 11. Bxe6 fxe6 12. Nc4 Bc5 13. Be3 Bxe3 14. Rxe3 Qd7 
15. Rc1 Rf7 16. d4 exd4 17. cxd4 Raf8 18. Qb3 b6 19. Qb5 Nb4 20. Na3 Na2 
21. Rd1 Nb4 22. Qxd7 Rxd7 23. Nb5 Nh5 24. e5 Nf4 25. h4 d5 26. g3 c6 27. Nd6 Ng6 
28. h5 Ne7 29. Nh4 c5 30. dxc5 bxc5 31. Rc3 Na6 32. Ng6 Rb8 33. Nb5 Nxg6 
34. hxg6 d4 35. Rc2 Rd5 36. f4 Kf8 37. Kg2 Ke7 38. Rdc1 Kd7 39. Kf3 Rc8 
40. Na3 Rb8 41. Nc4 Nb4 42. Rd2 Nc6 43. Rd3 Kc7 44. Ke4 Nb4 45. Rd2 Nc6 
46. Rd3 Nb4 47. Rd2 Nc6 48. f5 Rb4 49. f6 Rxc4 50. Rxc4 Rxe5+ 51. Kf3 Rf5+ 
52. Ke4 Re5+ 53. Kf3 Rf5+ 54. Ke2 Rxf6 55. Rxc5 Kd6 56. Rb5 Rxg6 57. Kf3 Rf6+ 
58. Ke4 Rf1 59. Re2 e5 60. Rd5+ Ke6 61. Rc5 Kd6 62. Rd5+ Ke7 63. Rc5 Kd6 
64. Rd5+ 1/2-1/2

[Event "Monday 23 April Rapid Engine Tour 12+1 Rounds 9 Starts 1600ST"]
[Site "Infinity Chess"]
[Date "2018.4.23"]
[Round "4"]
[White "Marsell"]
[Black "MarioDeMonti"]
[Result "1/2-1/2"]
[ECO "C55"]
[WhiteElo "2471"]
[BlackElo "2470"]
[WhiteEngine "BrainFish_180418_x64_bmi2"]
[BlackEngine "stockfish_x64_bmi2_2018_02_18_CTG"]
[EventType "Swiss"]
[WhiteTeam ""]
[BlackTeam ""]
[PlyCount "139"]
[TimeControl "720+1"]

1. e4 e5 2. Nf3 Nc6 3. Bc4 Nf6 4. d3 Bc5 5. c3 d6 6. O-O O-O 7. h3 a5 8. Nbd2 h6 
9. Re1 Be6 10. b3 Bb6 11. a4 d5 12. Bb5 Ne7 13. exd5 Nfxd5 14. Qc2 c6 
15. Bc4 Ng6 16. d4 Ndf4 17. dxe5 Nh4 18. Bf1 Bd5 19. Re4 Nfg6 20. Bc4 Re8 
21. g3 Qc8 22. Bxd5 Nxf3+ 23. Nxf3 cxd5 24. Rg4 Qc6 25. Bb2 Nxe5 26. Nxe5 Rxe5 
27. c4 Rg5 28. Rxg5 hxg5 29. Rc1 dxc4 30. Qxc4 Qxc4 31. Rxc4 Rd8 32. Bc3 Rd3 
33. Kg2 Kh7 34. b4 axb4 35. Bxb4 Kg6 36. Bc5 Bxc5 37. Rxc5 Ra3 38. a5 Rb3 
39. Rc7 Kf6 40. Rc4 Rb5 41. Rc7 Rxa5 42. Rxb7 Ra3 43. Rb8 Kg6 44. Rb5 f6 
45. Rb6 Ra4 46. Kf3 Ra8 47. Kg4 Ra3 48. f4 gxf4 49. gxf4 Ra5 50. h4 Rc5 
51. Rd6 Rb5 52. Kf3 Kf5 53. h5 Rb3+ 54. Kf2 Kg4 55. Rd7 f5 56. Rxg7+ Kxf4 
57. h6 Rb1 58. Ke2 Rh1 59. h7 Rh2+ 60. Kd3 Rh1 61. Kd4 Rh2 62. Rb7 Rh1 
63. Kc3 Rc1+ 64. Kb4 Rh1 65. Rf7 Kg5 66. Re7 f4 67. Rc7 Kg6 68. Rc6+ Kxh7 
69. Rf6 f3 70. Rxf3 1/2-1/2

[Event "Monday 23 April Rapid Engine Tour 12+1 Rounds 9 Starts 1600ST"]
[Site "Infinity Chess"]
[Date "2018.4.23"]
[Round "4"]
[White "Thinker"]
[Black "Eman"]
[Result "1/2-1/2"]
[ECO "C11"]
[WhiteElo "2467"]
[BlackElo "2482"]
[WhiteEngine "BrainFish_180418_x64_modern_CTG"]
[BlackEngine "Eman 1.70-beta24 64-bit POPCNT"]
[EventType "Swiss"]
[WhiteTeam ""]
[BlackTeam ""]
[PlyCount "140"]
[TimeControl "720+1"]

1. e4 e6 2. d4 d5 3. Nc3 Nf6 4. e5 Nfd7 5. f4 c5 6. Nf3 Nc6 7. Be3 Qb6 
8. Na4 Qa5+ 9. c3 cxd4 10. b4 Qc7 11. Nxd4 Nxd4 12. Bxd4 Be7 13. Bd3 b6 
14. O-O g6 15. Rc1 Bb7 16. Qe2 O-O 17. f5 exf5 18. e6 fxe6 19. Qxe6+ Rf7 
20. Bxf5 Bf6 21. Bxf6 Nf8 22. Bd4 gxf5 23. Qe2 Qd7 24. Nb2 Re8 25. Qd2 Ba6 
26. Rf2 Re4 27. Qg5+ Ng6 28. a4 Qd6 29. b5 Bc8 30. Nd3 h6 31. Qd2 f4 32. Re1 Bg4 
33. Ra1 Bd7 34. Re1 Bg4 35. Ref1 Kh7 36. h3 Bd7 37. Rf3 Kg8 38. Kh1 Kh7 
39. Qc2 Kg8 40. Qd2 Kh7 41. Kg1 Bc8 42. R1f2 Kg8 43. Qc1 Qc7 44. Qd2 Qd6 
45. Qc1 Qc7 46. Qd1 Bd7 47. Qb1 h5 48. Rf1 Qd6 49. Qb4 Qc7 50. Qb1 Qd6 
51. R3f2 Nh4 52. Qb4 Qc7 53. Qb3 Qd6 54. Qb4 Qc7 55. a5 bxa5 56. Qb3 Qd6 
57. Bc5 Qe6 58. Nxf4 Rexf4 59. Rxf4 Rxf4 60. Rxf4 Qe1+ 61. Rf1 Nf3+ 
62. gxf3 Qg3+ 63. Kh1 Qxh3+ 64. Kg1 Qg3+ 65. Kh1 Qh4+ 66. Kg1 Qg5+ 67. Kh1 Qh4+ 
68. Kg1 Qg3+ 69. Kh1 Qh3+ 70. Kg1 Qg3+ 1/2-1/2

[Event "Monday 23 April Rapid Engine Tour 12+1 Rounds 9 Starts 1600ST"]
[Site "Infinity Chess"]
[Date "2018.4.23"]
[Round "4"]
[White "KRAKEN"]
[Black "Katzenmaier"]
[Result "1/2-1/2"]
[ECO "A80"]
[WhiteElo "2539"]
[BlackElo "2496"]
[WhiteEngine "Raubfisch ME262_GTZ17b1_CTG"]
[BlackEngine "Raubfisch X36d1"]
[EventType "Swiss"]
[WhiteTeam ""]
[BlackTeam ""]
[PlyCount "198"]
[TimeControl "720+1"]

1. d4 f5 2. Bg5 h6 3. Bh4 g5 4. e3 Nf6 5. Bg3 d6 6. h4 g4 7. h5 Be6 8. Bd3 Qd7 
9. c4 Bf7 10. Qb3 c5 11. Ne2 Na6 12. Nbc3 Nxh5 13. d5 Bg7 14. a3 O-O-O 
15. Qc2 Nxg3 16. Nxg3 e6 17. dxe6 Bxe6 18. Nd5 Be5 19. Nxf5 Kb8 20. Nh4 Bxd5 
21. cxd5 c4 22. Qxc4 Rc8 23. Qb5 Qf7 24. O-O Bf6 25. Nf5 Be5 26. Nh4 Bf6 
27. Nf5 Be5 28. Rac1 Nc5 29. Bb1 h5 30. Nh4 Qf6 31. g3 Bxb2 32. Rc4 Rc7 
33. Bf5 Be5 34. Kg2 Rf8 35. e4 Rg8 36. Rb1 b6 37. Rc2 Rb7 38. a4 Bd4 39. Qc4 a6 
40. Qe2 Be5 41. Rc4 Qh6 42. Qc2 a5 43. Qe2 Qf8 44. Be6 Rgg7 45. Qe3 Qf6 
46. Qe2 Rgc7 47. Bf5 Rg7 48. Rc2 Qd8 49. Ng6 Qf6 50. Nh4 Bd4 51. Qb5 Rgf7 
52. Ng6 Ka7 53. Rbc1 Rfc7 54. Rf1 Rh7 55. Rd1 Rh6 56. Nh4 Rh8 57. Rh1 Be5 
58. Ng6 Rh6 59. Qe8 Bc3 60. Nf4 Be5 61. Ng6 Bc3 62. Rb1 Bd4 63. Rbc1 Rb8 
64. Qe7+ Ka6 65. Qxf6 Bxf6 66. Rh1 Rg8 67. Nf4 Be5 68. Ne6 Nxa4 69. Nc7+ Kb7 
70. Rc6 Nc3 71. Rc1 Rg7 72. Ne6 Rxe6 73. Bxe6 Rc7 74. R1xc3 Bxc3 75. Rxd6 a4 
76. Rd8 Bf6 77. Rf8 Be5 78. Rf5 a3 79. Rxe5 a2 80. d6 a1=Q 81. dxc7 Kxc7 
82. Rxh5 Qe1 83. Bxg4 Qxe4+ 84. Bf3 Qe8 85. g4 b5 86. Rh7+ Kd8 87. Rh4 Qg8 
88. Rh5 b4 89. Re5 b3 90. g5 b2 91. Rb5 Qa2 92. Be4 Qc4 93. Rxb2 Qxe4+ 
94. Kf1 Qh1+ 95. Ke2 Qh4 96. Kf3 Qh5+ 97. Kf4 Qf7+ 98. Kg3 Qc7+ 99. Kg4 Qd7+ 
1/2-1/2

[Event "Monday 23 April Rapid Engine Tour 12+1 Rounds 9 Starts 1600ST"]
[Site "Infinity Chess"]
[Date "2018.4.23"]
[Round "3"]
[White "CrapCleaner"]
[Black "Dovahkiin"]
[Result "1/2-1/2"]
[ECO "C50"]
[WhiteElo "2446"]
[BlackElo "2358"]
[WhiteEngine "Raubfisch ME262_GTZ17b1_CTG"]
[BlackEngine "BrainFish_180418_x64_modern_CTG"]
[EventType "Swiss"]
[WhiteTeam ""]
[BlackTeam ""]
[PlyCount "143"]
[TimeControl "720+1"]

1. e4 e5 2. Nf3 Nc6 3. Bc4 Bc5 4. O-O Nf6 5. d3 d6 6. c3 a5 7. Bg5 Ba7 
8. Nbd2 h6 9. Bh4 Qe7 10. Bb5 g5 11. Bg3 O-O 12. Nc4 Nh5 13. Bxc6 bxc6 
14. Nxa5 Nxg3 15. hxg3 Bd7 16. Qd2 f6 17. Nc4 h5 18. Ne3 Qh7 19. a4 h4 
20. g4 Bxe3 21. Qxe3 Bxg4 22. a5 Bc8 23. Nd2 Kf7 24. b4 Ke7 25. c4 g4 26. b5 g3 
27. fxg3 hxg3 28. Qxg3 Rg8 29. Qh2 Bh3 30. Rf2 Rg6 31. Nf3 Rh6 32. g3 Rg8 
33. Kh1 Qg7 34. bxc6 f5 35. exf5 Bxf5 36. Nh4 Bxd3 37. Qh3 Qg4 38. Qxg4 Rxg4 
39. Kh2 Rxc4 40. a6 Rh8 41. a7 Ra8 42. Rb2 Be4 43. Rb8 Bxc6 44. Ra6 Be4 
45. Kh3 Kf6 46. Kg4 Rc3 47. Ra4 Bd5 48. Ra1 Ke6 49. Nf5 Kf6 50. Rf1 Ke6 
51. Ng7+ Ke7 52. Nf5+ Ke6 53. Ra1 Rf3 54. Ng7+ Kd7 55. Nf5 Rb3 56. Rxa8 Bxa8 
57. Kg5 c5 58. Ra6 d5 59. Kf6 Rb4 60. Kxe5 Re4+ 61. Kf6 c4 62. Rd6+ Kc7 
63. Re6 Rg4 64. Re8 Kb7 65. Ne3 Rxg3 66. Nxd5 c3 67. Nxc3 Rxc3 68. Re7+ Kb6 
69. Rg7 Bb7 70. Rd7 Ra3 71. Rd1 Rxa7 72. Rb1+ 1/2-1/2

[Event "Monday 23 April Rapid Engine Tour 12+1 Rounds 9 Starts 1600ST"]
[Site "Infinity Chess"]
[Date "2018.4.23"]
[Round "3"]
[White "SkyPilot"]
[Black "beka"]
[Result "1-0"]
[ECO "A45"]
[WhiteElo "2449"]
[BlackElo "2332"]
[WhiteEngine "stockfish_x64_bmi2_2018_04_07_CTG"]
[BlackEngine "Eman 1.70-beta21 64-bit"]
[EventType "Swiss"]
[WhiteTeam ""]
[BlackTeam ""]
[PlyCount "185"]
[TimeControl "720+1"]

1. d4 Nf6 2. Bf4 d5 3. e3 Bf5 4. Bd3 Bxd3 5. cxd3 e6 6. Nc3 Bd6 7. Nge2 Bxf4 
8. Nxf4 O-O 9. O-O Nbd7 10. Rc1 c6 11. Qb3 b5 12. Qd1 Rc8 13. Rc2 Qb6 14. Qe2 c5 
15. dxc5 Rxc5 16. d4 Rc7 17. Rfc1 Rfc8 18. Qd1 h6 19. f3 a6 20. Kf2 Qa5 
21. a4 Ne8 22. axb5 axb5 23. Ra1 Qb6 24. Rcc1 Rc4 25. h3 g5 26. Nd3 Nd6 
27. Qd2 Qc7 28. Ne2 Nf6 29. Qd1 Rxc1 30. Rxc1 Qd8 31. g4 Rxc1 32. Qxc1 Qa5 
33. Nc5 Kg7 34. b3 Qa2 35. Qe1 Kf8 36. Qb4 Kg8 37. Qc3 Kg7 38. Kf1 h5 
39. Qc1 Kg6 40. Kf2 Kh6 41. Ke1 Qa5+ 42. Kd1 b4 43. Nd3 Qa3 44. Qc2 Kg7 
45. Nec1 hxg4 46. hxg4 Qa8 47. Qc7 Nb5 48. Qe7 Qf8 49. Qb7 Nd6 50. Qxb4 Nfe8 
51. Ke2 Nc7 52. Nc5 Ncb5 53. Kf2 Qe8 54. N1d3 Nc7 55. Qd2 Ndb5 56. Nc1 e5 
57. Ne2 exd4 58. exd4 Qd8 59. Ng3 Nd6 60. Qe3 Kg6 61. Nh5 Qe8 62. Qd3+ Kh6 
63. Nd7 Qh8 64. Ndf6 Nde8 65. Nxe8 Qxe8 66. Qf5 Qe6 67. Qe5 Qxe5 68. dxe5 Nb5 
69. Ke3 Nc7 70. Nf6 Kg7 71. b4 Kf8 72. Kd4 Ne6+ 73. Kxd5 Ke7 74. b5 Nc7+ 
75. Kc6 Ne6 76. b6 Nd8+ 77. Kc7 Ne6+ 78. Kc8 Nd8 79. Ne4 Nc6 80. b7 Ke6 
81. Nxg5+ Kxe5 82. Nxf7+ Kd4 83. Nd8 Na5 84. b8=Q Kc3 85. Qe5+ Kb4 86. Kd7 Nb3 
87. Qb2 Ka4 88. Nc6 Nc5+ 89. Kc7 Nd3 90. Qc3 Kb5 91. Nd4+ Ka4 92. Qb3+ Ka5 
93. Qa3# 1-0

[Event "Monday 23 April Rapid Engine Tour 12+1 Rounds 9 Starts 1600ST"]
[Site "Infinity Chess"]
[Date "2018.4.23"]
[Round "3"]
[White "angriff"]
[Black "MedusaV3"]
[Result "1/2-1/2"]
[ECO "C55"]
[WhiteElo "2401"]
[BlackElo "2411"]
[WhiteEngine "DracoREX 3.07 64BIT POPCNT_CTG"]
[BlackEngine "Eman 1.70-beta23 64-bit BMI2_CTG"]
[EventType "Swiss"]
[WhiteTeam ""]
[BlackTeam ""]
[PlyCount "135"]
[TimeControl "720+1"]

1. e4 e5 2. Nf3 Nc6 3. Bc4 Nf6 4. d3 Bc5 5. O-O d6 6. c3 O-O 7. Bb3 h6 8. Re1 a5 
9. h3 Re8 10. Nbd2 b5 11. a4 b4 12. Nf1 Bb6 13. Bc4 Ba6 14. Bxa6 Rxa6 
15. Qc2 Ra8 16. Ng3 Qd7 17. Bd2 d5 18. Nf5 Bc5 19. Rad1 Bf8 20. Ne3 Re6 
21. exd5 Nxd5 22. Nc4 Rae8 23. Be3 Rf6 24. Nfd2 Rg6 25. Kh1 Qf5 26. Nf3 Rge6 
27. Bc1 bxc3 28. bxc3 e4 29. dxe4 Rxe4 30. Kh2 Nf6 31. Be3 Nd5 32. Bc1 Qe6 
33. Qd3 Nf6 34. Rxe4 Qxe4 35. Be3 Rd8 36. Qxe4 Nxe4 37. Rc1 f6 38. Nfd2 Nxd2 
39. Nxd2 Rb8 40. Rc2 Bd6+ 41. g3 Kf7 42. Kg2 g5 43. Ne4 Ne5 44. Nxd6+ cxd6 
45. c4 h5 46. c5 d5 47. c6 Nc4 48. h4 Rc8 49. hxg5 Rxc6 50. Rc3 Kg6 
51. gxf6 Nxe3+ 52. Rxe3 Kxf6 53. Rb3 Rc4 54. Rb6+ Ke5 55. f4+ Kd4 56. f5 Ke5 
57. f6 Rc7 58. Rb5 Rf7 59. Rc5 Rxf6 60. Rxa5 Kd4 61. Ra8 Kc5 62. Rc8+ Kb4 
63. Rd8 Rf5 64. g4 hxg4 65. Kg3 Kxa4 66. Kxg4 Re5 67. Kf4 Re7 68. Rxd5 1/2-1/2

[Event "Monday 23 April Rapid Engine Tour 12+1 Rounds 9 Starts 1600ST"]
[Site "Infinity Chess"]
[Date "2018.4.23"]
[Round "3"]
[White "ocirema"]
[Black "Vimtiroba"]
[Result "1/2-1/2"]
[ECO "D02"]
[WhiteElo "2424"]
[BlackElo "2434"]
[WhiteEngine "Eman 1.70-beta21 64-bit POPCNT_CTG"]
[BlackEngine "AsmFish A10_CTG"]
[EventType "Swiss"]
[WhiteTeam ""]
[BlackTeam ""]
[PlyCount "81"]
[TimeControl "720+1"]

1. d4 d5 2. Nf3 Nf6 3. c4 e6 4. Nc3 c6 5. e3 Nbd7 6. Bd3 dxc4 7. Bxc4 b5 
8. Bd3 Bb7 9. a3 Bd6 10. O-O O-O 11. Nd2 e5 12. Nce4 Bc7 13. Qc2 Nxe4 
14. Bxe4 exd4 15. Bxh7+ Kh8 16. Bf5 c5 17. Ne4 Re8 18. exd4 Bxe4 19. Bxe4 Bxh2+ 
20. Kxh2 Qh4+ 21. Kg1 Rxe4 22. a4 Rxd4 23. Ra3 Qe4 24. Qxe4 Rxe4 25. axb5 Kg8 
26. Bd2 Nb6 27. Bc3 Re7 28. Rfa1 Rb7 29. g3 Nd5 30. Ra5 f6 31. Rd1 Nb6 
32. Ra6 Rab8 33. Kg2 Re7 34. g4 Kh7 35. Rh1+ Kg6 36. Rd1 Rbb7 37. Kg3 Nc4 
38. Ra4 Nb6 39. Ra6 Nc4 40. Ra4 Nb6 41. Ra6 1/2-1/2

[Event "Monday 23 April Rapid Engine Tour 12+1 Rounds 9 Starts 1600ST"]
[Site "Infinity Chess"]
[Date "2018.4.23"]
[Round "3"]
[White "hafaba"]
[Black "Mr Aj"]
[Result "1/2-1/2"]
[ECO "C50"]
[WhiteElo "2440"]
[BlackElo "2448"]
[WhiteEngine "Eman 1.70-beta21 64-bit POPCNT_CTG"]
[BlackEngine "Houdini 6_CTG"]
[EventType "Swiss"]
[WhiteTeam ""]
[BlackTeam ""]
[PlyCount "97"]
[TimeControl "720+1"]

1. e4 e5 2. Nf3 Nc6 3. Bc4 Bc5 4. O-O Nf6 5. d3 d6 6. c3 O-O 7. h3 a5 8. Nbd2 h6 
9. Re1 Be6 10. Bb5 Qb8 11. Nf1 Qa7 12. Re2 a4 13. Ng3 Bb6 14. d4 exd4 
15. Bxc6 bxc6 16. Nxd4 Rfe8 17. Bf4 h5 18. e5 Nd5 19. Qd2 Bxd4 20. cxd4 Qa5 
21. Nxh5 Qxd2 22. Rxd2 f6 23. Bh2 fxe5 24. dxe5 Bf7 25. g4 dxe5 26. Re1 e4 
27. a3 Rab8 28. Ng3 e3 29. fxe3 Nxe3 30. Nf5 Nxf5 31. Rxe8+ Bxe8 32. gxf5 Rb5 
33. Bxc7 Rxf5 34. Rf2 Rd5 35. h4 c5 36. Bf4 Rd4 37. Bg5 c4 38. Rd2 Rd3 
39. Rxd3 cxd3 40. Kf2 Bh5 41. Ke3 Be2 42. Be7 Kf7 43. Bb4 Kg6 44. Bc3 Kh6 
45. b4 axb3 46. a4 g5 47. hxg5+ Kxg5 48. a5 b2 49. Bxb2 1/2-1/2

[Event "Monday 23 April Rapid Engine Tour 12+1 Rounds 9 Starts 1600ST"]
[Site "Infinity Chess"]
[Date "2018.4.23"]
[Round "3"]
[White "Time_bandit"]
[Black "KhalidOmar"]
[Result "1/2-1/2 "]
[ECO "C70"]
[WhiteElo "2470"]
[BlackElo "2445"]
[WhiteEngine "asmFishW_2018-04-11_bmi2"]
[BlackEngine "Eman 1.70-beta24 64-bit BMI2"]
[EventType "Swiss"]
[WhiteTeam ""]
[BlackTeam ""]
[PlyCount "120"]
[TimeControl "720+1"]

1. e4 e5 2. Nf3 Nc6 3. Bb5 a6 4. Ba4 Be7 5. O-O Nf6 6. Re1 b5 7. Bb3 d6 
8. c3 O-O 9. h3 Na5 10. Bc2 c5 11. d4 exd4 12. cxd4 Re8 13. d5 Nd7 14. Nbd2 Bf6 
15. Rb1 Nb7 16. Nf1 Ne5 17. Nxe5 dxe5 18. Nh2 Nd6 19. Nf3 g6 20. a4 Bb7 
21. b3 Rc8 22. Be3 Bg7 23. Rc1 f5 24. exf5 e4 25. fxg6 exf3 26. Qxf3 hxg6 
27. Bxg6 Re5 28. Red1 Qh4 29. axb5 Rf8 30. Qg4 Qxg4 31. hxg4 Nxb5 32. Rxc5 Rd8 
33. Bd3 Bf8 34. Rc2 Bb4 35. Bd2 Bxd2 36. Rcxd2 Nd6 37. Bc4 Re4 38. f3 Nxc4 
39. fxe4 Nxd2 40. Rxd2 Re8 41. Rd4 Kf7 42. Kf2 Bc8 43. Ke3 Bxg4 44. Rb4 a5 
45. Ra4 Bd1 46. Rxa5 Bc2 47. Ra7+ Kf8 48. Ra4 Bxb3 49. Rd4 Kf7 50. g4 Kf6 
51. d6 Ke5 52. d7 Rd8 53. g5 Bf7 54. g6 Bxg6 55. Rd2 Bf7 56. Rf2 Be6 
57. Rd2 Bxd7 58. Rd1 Ke6 59. Rh1 Bc8 60. Rh6+ Kf7 1/2-1/2

[Event "Monday 23 April Rapid Engine Tour 12+1 Rounds 9 Starts 1600ST"]
[Site "Infinity Chess"]
[Date "2018.4.23"]
[Round "3"]
[White "Eman"]
[Black "Marsell"]
[Result "1/2-1/2"]
[ECO "D00"]
[WhiteElo "2482"]
[BlackElo "2471"]
[WhiteEngine "Eman 1.70-beta24 64-bit POPCNT"]
[BlackEngine "BrainFish_180418_x64_bmi2"]
[EventType "Swiss"]
[WhiteTeam ""]
[BlackTeam ""]
[PlyCount "104"]
[TimeControl "720+1"]

1. d4 d5 2. Bf4 c5 3. e3 Nc6 4. Nf3 Nf6 5. Be2 cxd4 6. Nxd4 Qb6 7. Nxc6 bxc6 
8. b3 Ne4 9. c4 g6 10. Be5 Qa5+ 11. Nd2 f6 12. Bb2 e5 13. a3 Qxd2+ 14. Qxd2 Nxd2 
15. Kxd2 Be6 16. c5 Kf7 17. b4 Bh6 18. Ba6 Bc8 19. Bd3 a5 20. Kc2 Bf5 
21. Bc3 Bxd3+ 22. Kxd3 Rhb8 23. h4 e4+ 24. Kd2 Bf8 25. h5 gxh5 26. bxa5 Kg6 
27. Rh3 Rb3 28. Rg3+ Kf7 29. Rh3 Bxc5 30. Kc2 Rxa3 31. Rxa3 Bxa3 32. Kb3 Bd6 
33. Rxh5 Rb8+ 34. Ka4 Kg6 35. g4 Ra8 36. Bd4 h6 37. Bb2 Ra7 38. Bd4 Ra6 
39. Bb6 Ra8 40. Bd4 Ra6 41. Ba1 Bf8 42. Bc3 Bd6 43. Rf5 Be7 44. Rh5 Bd6 
45. Kb3 Ra8 46. Ka4 Bc7 47. Bb4 Bb8 48. Bc3 Bd6 49. Bd2 Be5 50. Bb4 Bb8 
51. Rf5 Be5 52. Rh5 Bb8 1/2-1/2